 Dungeon Crawl Stone Soup version 0.32-a0-136-gc02482bde3 (webtiles) character file.

Game seed: 4029648087852623380

1329180 AutarchDCSS the Ruinous (level 27, 184/197 HPs)
             Began as a Gargoyle Conjurer on Feb 10, 2024.
             Was the Champion of Ashenzari.
             Escaped with the Orb
             ... and 3 runes on Feb 11, 2024!
             The game lasted 05:52:24 (130324 turns).

AutarchDCSS the Ruinous (Gargoyle Conjurer)       Turns: 130324, Time: 05:52:25

Health: 184/197    AC: 44    Str: 10    XL:     27
Magic:  59/59      EV: 16    Int: 45    God:    Ashenzari [******]
Gold:   4815       SH: 20    Dex: 17    Spells: 14/72 levels left

rFire   + + .        b - +8 war axe of Supernal Gnosis {flame, rF+ rC++ Dex+2, Self, Dev} (curse)
rCold   + + +        r - +5 kite shield of the Chained Paranoia {^Contam rElec Will+, Comp, Elem} (curse)
rNeg    + + .        J - +1 faerie dragon scales {rCorr Int+3 Dex+6, Sorc, Fort} (curse)
rPois   ∞            n - +2 helmet "Share My Gnosis" {Int+3, Elem, Dev} (curse)
rElec   +            d - +2 cloak of the Profound Mutualism {rCorr, Elem, Bglg} (curse)
rCorr   +            P - +1 pair of gloves of the Omniscient Heavens {Comp, Sorc} (curse)
SInv    +            f - +2 pair of boots "Circumscribed With Me" {Self, Cun} (curse)
Will    +++..        Y - amulet "Stellar the Doldrums" {RegenMP SInv, Elem, Fort} (curse)
Stlth   ++           G - ring of Ashenzari's Elitism {Int+6, Elem, Self} (curse)
HPRegen 0.52/turn    v - ring of the Cursed Shame {rF+ rN+ MP+9 Int+3 Dex+3, Sorc, Elem} (curse)
MPRegen 0.76/turn

%: clarity
@: flying, studying Long Blades
A: sickness immunity, AC +20, big wings, negative energy resistance 1,
electricity resistance, torment resistance 1, petrification resistance, clumsy
1, cold resistance 1, dopey 1, weak 1, noise suppression
0: Orb of Zot
}: 3/15 runes: decaying, slimy, gossamer
a: Renounce Religion, Shatter the Chains


You escaped.
You worshipped Ashenzari.
Ashenzari was exalted by your worship.
You visited 13 branches of the dungeon, and saw 56 of its levels.
You also visited: Sewer, Ice Cave and Volcano.

You collected 8153 gold pieces.
You spent 3338 gold pieces at shops.

Inventory:

Hand Weapons
 b - the cursed +8 war axe of Supernal Gnosis (weapon) {flame, rF+ rC++ Dex+2, Self, Dev}
   (You found it on level 5 of the Lair of Beasts)

   Dex+2:     It affects your dexterity (+2).
   rF+:       It protects you from fire.
   rC++:      It greatly protects you from cold.
   It has a curse which improves the following skills: Introspection: Fighting
   and Spellcasting.
   Devices:   Evocations and Shapeshifting.
 F - the +8 pair of quick blades "Gyre" and "Gimble" {protect}
   (You found it on level 3 of the Spider Nest)
Missiles
 s - 3 throwing nets
Armour
 d - the cursed +2 cloak of the Profound Mutualism (worn) {rCorr, Elem, Bglg}
   (You bought it in a shop on level 2 of the Orcish Mines)

   It has a curse which improves the following skills: Elements: Fire Magic, Ice
   Magic, Air Magic and Earth Magic.
   Beguiling: Hexes and Translocations.
 f - the cursed +2 pair of boots "Circumscribed With Me" (worn) {Self, Cun}
   (You found it on level 3 of the Crypt)

   It has a curse which improves the following skills: Introspection: Fighting
   and Spellcasting.
   Cunning:   Dodging and Stealth.
 n - the cursed +2 helmet "Share My Gnosis" (worn) {Int+3, Elem, Dev}
   (You found it on level 3 of the Crypt)

   It has a curse which improves the following skills: Elements: Fire Magic, Ice
   Magic, Air Magic and Earth Magic.
   Devices:   Evocations and Shapeshifting.
 r - the cursed +5 kite shield of the Chained Paranoia (worn) {^Contam rElec Will+, Comp, Elem}
   (You took it off Donald on level 3 of the Elven Halls)

   rElec:     It insulates you from electricity.
   Will+:     It increases your willpower.
   ^Contam:   It causes magical contamination when unequipped.
   It has a curse which improves the following skills: Companions: Summonings
   and Necromancy.
   Elements:  Fire Magic, Ice Magic, Air Magic and Earth Magic.
 J - the cursed +1 faerie dragon scales (worn) {rCorr Int+3 Dex+6, Sorc, Fort}
   (You took it off the Enchantress on level 3 of the Depths)

   Int+3:     It affects your intelligence (+3).
   Dex+6:     It affects your dexterity (+6).
   rCorr:     It protects you from acid and corrosion.
   It has a curse which improves the following skills: Sorcery: Conjurations and
   Alchemy.
   Fortitude: Armour and Shields.
 P - the cursed +1 pair of gloves of the Omniscient Heavens (worn) {Comp, Sorc}
   (You found it on level 10 of the Dungeon)

   It has a curse which improves the following skills: Companions: Summonings
   and Necromancy.
   Sorcery:   Conjurations and Alchemy.
Magical Staves
 a - a staff of conjuration
Jewellery
 q - the ring "Mieti" {rElec rF+ rC- Int+8 Slay-5}
   (You found it on level 3 of the Crypt)

   [ring of protection from fire]

   Int+8:     It affects your intelligence (+8).
   Slay-5:    It affects your accuracy & damage with ranged weapons and melee
   (-5).
   rF+:       It protects you from fire.
   rC-:       It makes you vulnerable to cold.
   rElec:     It insulates you from electricity.
 t - the ring of Free Will {+Blink Will++ MP+9 Dex-3 Slay+2}
   (You found it on level 3 of the Elven Halls)

   [ring of magical power]

   Dex-3:     It affects your dexterity (-3).
   Slay+2:    It affects your accuracy & damage with ranged weapons and melee
   (+2).
   Will++:    It greatly increases your willpower.
   MP+9:      It affects your magic capacity (+9).
   +Blink:    It lets you blink.
 v - the cursed ring of the Cursed Shame (right hand) {rF+ rN+ MP+9 Int+3 Dex+3, Sorc, Elem}
   (You found it on level 5 of the Lair of Beasts)

   [ring of positive energy]

   Int+3:     It affects your intelligence (+3).
   Dex+3:     It affects your dexterity (+3).
   rF+:       It protects you from fire.
   rN+:       It protects you from negative energy.
   MP+9:      It affects your magic capacity (+9).
   It has a curse which improves the following skills: Sorcery: Conjurations and
   Alchemy.
   Elements:  Fire Magic, Ice Magic, Air Magic and Earth Magic.
 G - the cursed ring of Ashenzari's Elitism (left hand) {Int+6, Elem, Self}
   (You found it on level 7 of the Dungeon)

   [ring of intelligence]

   Int+6:     It affects your intelligence (+6).
   It has a curse which improves the following skills: Elements: Fire Magic, Ice
   Magic, Air Magic and Earth Magic.
   Introspection: Fighting and Spellcasting.
 I - the ring "Gaycw" {Fly Will+ Str+3 Int+6}
   (You found it on level 5 of the Pits of Slime)

   [ring of intelligence]

   Str+3:     It affects your strength (+3).
   Int+6:     It affects your intelligence (+6).
   Will+:     It increases your willpower.
   Fly:       It grants you flight.
 N - the ring "Soss" {AC+4 Int+6 Dex-3}
   (You took it off a rakshasa on level 3 of the Depths)

   [ring of protection]

   AC+4:      It affects your AC (+4).
   Int+6:     It affects your intelligence (+6).
   Dex-3:     It affects your dexterity (-3).
 O - a ring of protection from cold
 V - a ring of magical power
 X - a ring of wizardry
 Y - the cursed amulet "Stellar the Doldrums" (around neck) {RegenMP SInv, Elem, Fort}
   (You bought it in a shop on level 3 of the Elven Halls)

   [amulet of magic regeneration]

   RegenMP:   It increases your rate of magic regeneration.
   SInv:      It lets you see invisible.
   It has a curse which improves the following skills: Elements: Fire Magic, Ice
   Magic, Air Magic and Earth Magic.
   Fortitude: Armour and Shields.
Wands
 u - a wand of charming (49)
 w - a wand of quicksilver (37)
 D - a wand of digging (24)
 L - a wand of polymorph (25)
 R - a wand of mindburst (65)
 U - a wand of iceblast (38)
Scrolls
 g - 6 scrolls of immolation
 h - 4 scrolls of fear
 k - 14 scrolls of teleportation
 y - 5 scrolls of revelation
 A - 6 scrolls of amnesia
 E - 2 scrolls of enchant armour
 M - 6 scrolls of blinking
 Q - 4 scrolls of torment
 S - 5 scrolls of fog
 W - 2 scrolls of butterflies
 Z - 3 scrolls of silence
Potions
 c - 7 potions of ambrosia
 i - 7 potions of mutation
 j - 18 potions of heal wounds
 l - a potion of berserk rage
 m - 11 potions of brilliance
 o - 6 potions of cancellation
 p - 6 potions of enlightenment
 x - 24 potions of might
 z - 7 potions of haste
 B - 24 potions of curing
 C - 5 potions of magic
 H - 8 potions of lignification
 K - 6 potions of invisibility
 T - 6 potions of resistance
Miscellaneous
 e - a box of beasts


   Skills:
 + Level 22.4(26.7) Fighting
 - Level 8.6 Staves
 - Level 9.0(12.6) Armour
 - Level 7.7(10.3) Dodging
 - Level 6.0(8.4) Stealth
 - Level 13.9(17.4) Shields
 - Level 19.0(23.4) Spellcasting
 + Level 23.3(27) Conjurations
 - Level 6.6(10.2) Summonings
 - Level 4.0(6.2) Translocations
 + Level 21.5(27) Fire Magic
 - Level 4.0(10.4) Ice Magic
 - Level 11.3(18.8) Air Magic
 - Level 15.3(22.8) Earth Magic
 - Level 10.0(13.5) Evocations


You had 14 spell levels left.
You knew the following spells:

 Your Spells              Type           Power      Damage    Failure   Level
a - Fireball              Conj/Fire      69%        3d26      0%          5
b - Spellforged Servitor  Conj/Summ      60%        N/A       1%          7
c - Iskenderun's Mystic   Conj/Tloc      100%       2d19      0%          4
d - Fire Storm            Conj/Fire      69%        8d18      1%          9
e - Magic Dart            Conj           100%       1d8       0%          1
f - Lehudib's Crystal Sp  Conj/Erth      67%        10d15     1%          8
g - Freezing Cloud        Conj/Ice/Air   61%        6-21      0%          5
h - Starburst             Conj/Fire      69%        6d18      0%          6
i - Searing Ray           Conj           100%       2d8       0%          2
j - Passwall              Erth           100%       N/A       0%          3
m - Maxwell's Capacitive  Air            61%        ∞         2%          8

Your spell library contained the following spells:

 Spells                   Type           Power      Damage    Failure   Level
 Foxfire                  Conj/Fire      100%       2x1d9     0%          1
 Kiss of Death            Conj/Necr      100%       2d13      0%          1
 Sandblast                Erth           100%       2d20      0%          1
 Sting                    Conj/Alch      100%       1d9       0%          1
 Summon Small Mammal      Summ           100%       N/A       0%          1
 Dazzling Flash           Conj/Hex       100%       N/A       0%          3
 Hailstorm                Conj/Ice       100%       3d16      0%          3
 Mephitic Cloud           Conj/Alch/Air  100%       N/A       0%          3
 Stone Arrow              Conj/Erth      100%       3d13      0%          3
 Swiftness                Air            100%       N/A       0%          3
 Volatile Blastmotes      Fire/Tloc      100%       2d18      0%          3
 Brom's Barrelling Bould  Conj/Erth      100%       2d11      0%          4
 Flame Wave               Conj/Fire      100%       2d21      0%          4
 Summon Blazeheart Golem  Fire/Summ      100%       N/A       0%          4
 Iskenderun's Battlesphe  Conj           100%       2d15      0%          5
 Lee's Rapid Deconstruct  Erth           65%        3d30*     0%          5
 Bombard                  Conj/Erth      67%        9d11      0%          6
 Conjure Ball Lightning   Conj/Air       65%        3x3d23    0%          6
 Orb of Destruction       Conj           69%        9d16      0%          7
 Apportation              Tloc           100%       N/A       1%          1
 Necrotise                Necr           100%       1d9       1%          1
 Slow                     Hex            100%       N/A       1%          1
 Ensorcelled Hibernation  Hex/Ice        100%       N/A       1%          2
 Lesser Beckoning         Tloc           100%       N/A       1%          2
 Mercury Vapours          Alch/Air       100%       N/A       1%          2
 Call Canine Familiar     Summ           98%        N/A       1%          3
 Frozen Ramparts          Ice            100%       1d16      1%          3
 Fugue of the Fallen      Necr           55%        N/A       1%          3
 Gell's Gravitas          Tloc           83%        N/A       1%          3
 Ozocubu's Armour         Ice            98%        N/A       1%          3
 Teleport Other           Tloc           83%        N/A       1%          3
 Vampiric Draining        Necr           55%        2d9       1%          3
 Fulminant Prism          Conj/Alch      54%        3d22      1%          4
 Ignite Poison            Fire/Alch      100%       N/A       1%          4
 Leda's Liquefaction      Alch/Erth      51%        N/A       1%          4
 Manifold Assault         Tloc           83%        N/A       1%          4
 Martyr's Knell           Necr/Summ      79%        N/A       1%          4
 Petrify                  Alch/Erth      100%       N/A       1%          4
 Sticky Flame             Fire/Alch      100%       2d15      1%          4
 Summon Lightning Spire   Summ/Air       100%       N/A       1%          4
 Borgnjor's Vile Clutch   Necr/Erth      51%        N/A       1%          5
 Silence                  Hex/Air        47%        N/A       1%          5
 Summon Forest            Summ/Tloc      45%        N/A       1%          5
 Summon Cactus Giant      Summ           49%        N/A       1%          6
 Confusing Touch          Hex            54%        N/A       2%          3
 Sigil of Binding         Hex            54%        N/A       2%          3
 Tukima's Dance           Hex            54%        N/A       2%          3
 Dimensional Bullseye     Hex/Tloc       35%        N/A       2%          4
 Metabolic Englaciation   Hex/Ice        39%        N/A       2%          5
 Olgreb's Toxic Radiance  Alch           56%        N/A       6%          4
 Animate Dead             Necr           55%        N/A       7%          4
 Dispel Undead            Necr           55%        3d20      7%          4
 Dispersal                Tloc           41%        N/A       10%         6
 Sculpt Simulacrum        Ice/Alch       40%        N/A       13%         6
 Alistair's Intoxication  Alch           37%        N/A       17%         5
 Curse of Agony           Necr           55%        N/A       19%         5
 Yara's Violent Unravell  Hex/Alch       27%        3d12      19%         5
 Malign Gateway           Summ/Tloc      45%        N/A       24%         7
 Haunt                    Necr/Summ      39%        N/A       58%         7
 Summon Horrible Things   Summ           49%        N/A       63%         8
 Eringya's Noxious Bog    Alch           28%        4d6       67%         6
 Death Channel            Necr           27%        N/A       71%         6
 Borgnjor's Revivificati  Necr           27%        N/A       100%        8
 Infestation              Necr           27%        N/A       100%        8
 Death's Door             Necr           27%        N/A       100%        9
 Cigotuvi's Dreadful Rot  Necr/Alch/Air  Unusable   N/A       N/A         2

Dungeon Overview and Level Annotations

Branches:
Dungeon (15/15)            Temple (1/1) D:7            Lair (5/5) D:9
  Swamp (4/4) Lair:3       Spider (4/4) Lair:2        Slime (5/5) Lair:4
    Orc (2/2) D:10            Elf (3/3) Orc:2        Vaults (4/5) D:14
  Crypt (3/3) Vaults:3       Tomb (1/3) Crypt:3      Depths (4/4) D:15
    Zot (5/5) Depths:4      Sewer (visited)           IceCv (visited)
Volcano (visited)

Altars:
Ashenzari
Cheibriados
Dithmenos
Elyvilon
Fedhas
Gozag
Hepliaklqana
Kikubaaqudgha
Makhleb
Nemelex Xobeh
Okawaru
Qazlal
Ru
Sif Muna
Trog
Uskayaw
Vehumet
Wu Jian
Xom
Yredelemnul
Zin
The Shining One
Jiyva

Shops:
D:2 :   D:9 !*!*(([!   Orc:2 [([*   Elf:3 [=   Vaults:1 *((   Depths:1 =
Depths:2 ?

Portals:
Hell: Depths:1 Depths:2 Depths:3 Depths:4
Abyss: Depths:2 Depths:3 Depths:4
Pandemonium: Depths:2
Ziggurat: Depths:3
Trove: D:12 (give 8 potions of haste)

Annotations:
D:3 3 runed translucent doors, Ceno's ghost, amateur OpSh
D:15 exclusion: orange crystal statue
Spider:1 1 runed translucent door, tigertrap's ghost, journeyman DgFE
Depths:2 1 runed translucent door


Innate Abilities, Weirdness & Mutations

You are immune to sickness and miasma.
Your stone body is resilient. (AC +20)
You are immune to poison.
Your large and strong wings let you fly.
You resist negative energy. (rN+)
You are resistant to electric shocks. (rElec)
You are resistant to unholy torment.
You are immune to petrification.
You are clumsy. (Dex -2)
Your flesh is cold resistant. (rC+)
You are dopey. (Int -2)
You are weak. (Str -2)
You passively dampen the noise of your surroundings.


Message History

You begin accumulating electric charge. (Press . to continue charging.)
You feel charge building up...
Zufooledd is engulfed in blazing flames.
You feel charge building up...
Zufooledd is engulfed in blazing flames.
You feel charge building up... Zufooledd hits you. Zufooledd corrodes you!
The electricity discharges through Zufooledd!!!!!
Zufooledd vaporises in an electric haze!
You kill Zufooledd!
You swap places.
Aiming: Dig
Press: ? - help, Shift-Dir - straight line You can't see that place. [a rock wall.]
The rock shatters into small pieces.
You are no longer corroded.
There is a stone staircase leading up here.
You fly upwards.
There is a stone staircase leading down here.
What level of the Dungeon? (default 1, ? - help)
There is an open door here.
A smoke demon comes into view.
There is a stone staircase leading up here.
You fly upwards.
There is a stone staircase leading down here.
Aiming: Dig
Press: ? - help, Shift-Dir - straight line You can't see that place. [a rock wall.]
The rock shatters into small pieces. 2 hell hogs come into view.
A hell hog comes into view.
The hell hog squeals angrily.
The hell hog moves out of view.
There is a staircase leading out of the dungeon here.
The hell hog squeals angrily.
The hell hog breathes fire at you.
The fireball explodes!
The fireball engulfs you! You resist.
You have escaped!

###..## ##.............## #.
###.## #...###..h###...# #.
##.#####...#......>#...## #.
##..##....#.h...{.#....####.
#########...#.............#......
............#......#......#######
########....#.............###
#.......#.......#....#
#.......#@......#....# ######
##......###...###....# .....#
##..#........^....#.## ####.#
##.#.............#..#### #.#
#####...###...###......
#.#######.##.................. ##
#.........##.#######.###.###.. .#
############.# #.....#.# #.# .#
#.# #.....#.###.#


You could see 2 hell hogs.

Vanquished Creatures
  the Royal Jelly (Slime:5)
  A pandemonium lord (D:3)
  A seraph (Depths:4)
  2 dread liches (Zot:5)
  6 orbs of fire
  Mennas (Depths:4)
  A royal mummy (Tomb:1)
  Boris (Depths:3)
  7 Killer Klowns (Zot:5)
  Saint Roka (Orc:2)
  3 curse toes
  7 caustic shrikes
  7 golden dragons
  Norris (Elf:1)
  Nikola (Swamp:2)
  the Enchantress (Depths:3)
  Arachne (Spider:2)
  2 electric golems (Zot:5)
  A spectral shard shrike (Crypt:3)
  A hellephant (Depths:2)
  10 tentacled monstrosities
  A Tzitzimitl (D:13)
  An Ice Fiend (D:11)
  21 Orb Guardians
  10 liches
  Mlioglotl (Spider:3)
  The ghost of Cexaud the Fencer, an adept DjCK of Xom (Vaults:2)
  4 quicksilver dragons
  16 acid blobs
  2 walking frostbound tomes
  4 deep elf master archers (Elf:3)
  2 deep elf blademasters (Elf:3)
  A walking divine tome (Depths:4)
  4 sphinxes
  3 ancient champions
  2 death cobs
  A tengu reaver (Depths:4)
  16 shadow dragons
  A thorn hunter (Swamp:4)
  Kirke (D:12)
  17 storm dragons
  14 azure jellies
  2 revenants (Crypt:3)
  21 rockslimes
  A demonspawn warmonger (Zot:1)
  6 fire giants
  5 protean progenitors
  A spectral juggernaut (Crypt:3)
  2 daevas (Depths:2)
  9 ghost moths
  A curse skull (Elf:1)
  3 iron dragons (Depths:3)
  5 frost giants
  4 draconian shifters
  7 draconian monks
  2 draconian scorchers
  5 draconian knights
  3 emperor scorpions
  5 deep elf elementalists (Elf:3)
  5 angels
  2 deep elf sorcerers (Elf:3)
  10 vault wardens
  An orc warlord (Orc:1)
  2 reapers
  8 ghouls
  2 draconian stormcallers (Zot:2)
  7 spriggan defenders
  11 quicksilver oozes
  15 ironbound preservers
  8 broodmothers
  A demonspawn corrupter (Zot:1)
  8 stone giants
  4 draconian annihilators
  A formless jellyfish (Vaults:4)
  8 deep elf death magi
  10 yellow draconians
  4 ironbound thunderhulks
  4 green draconians
  4 vampire knights
  11 very ugly things
  3 deep elf annihilators
  An eleionoma (Swamp:4)
  2 demonspawn black suns (D:3)
  4 red draconians
  A bennu (Tomb:1)
  2 deep elf demonologists
  The ghost of bakla the Thaumaturge, a journeyman HuEE of Cheibriados (Swamp:2)
  3 black draconians
  6 white draconians
  6 dire elephants
  A spark wasp (Depths:3)
  3 war gargoyles
  10 purple draconians
  2 crystal guardians
  3 blizzard demons
  6 eidola
  5 spectral quicksilver dragons (Crypt:3)
  4 mummy priests
  14 jiangshi
  6 entropy weavers
  10 ettins
  2 spectral elves (Elf:1)
  4 fire dragons
  2 deep elf high priests
  2 spriggan zombies
  12 yaktaur captains
  4 rakshasas
  10 great orbs of eyes
  A jorogumo (Spider:1)
  3 vault guards
  Fannar (D:12)
  Erolcha (D:12)
  3 ogre magi
  4 ironbound frosthearts
  2 ghost crabs
  A hell beast (Depths:2)
  5 ice dragons
  7 spriggan air magi
  4 alligators (Swamp:1)
  8 hydras
  4 catoblepae
  6 peacekeepers
  A radroach (Spider:2)
  13 dancing weapons
  7 death yaks
  13 centaur warriors
  A sphinx skeleton (Depths:2)
  4 deep troll earth magi
  A death knight (Crypt:2)
  4 demonic crawlers
  5 two-headed ogres
  4 death scarabs (Tomb:1)
  3 boulder beetles
  4 tengu warriors
  10 deep troll shamans
  2 orc high priests
  A spectral dire elephant (Crypt:3)
  3 spriggan berserkers
  10 vampire magi
  2 hell knights
  A titan zombie (Tomb:1)
  21 deep elf knights
  An occultist (Depths:1)
  3 sun demons (D:7)
  4 soul eaters
  10 iron trolls
  A spectral minotaur (Crypt:3)
  2 spectral storm dragons (Crypt:3)
  Nergalle (D:10)
  5 skeletal warriors
  17 spriggans
  9 pharaoh ants
  4 shadow wraiths (Crypt:3)
  3 cherubim (Depths:2)
  9 flayed ghosts
  53 deep trolls
  8 orb spiders
  A swamp dragon (Swamp:2)
  10 deep elf archers
  A bog body (Swamp:2)
  A swamp dragon (shapeshifter) (Depths:1)
  2 elf simulacra (Elf:1)
  A ghost moth zombie (Crypt:3)
  A sun moth (Spider:1)
  13 ironbound convokers
  4 steelbarb worms
  13 phantasmal warriors
  13 lindwurms
  10 harpies
  8 arcanists
  4 necromancers
  3 glowing orange brains
  A large abomination (D:3)
  Pikel (D:9)
  17 deep elf zephyrmancers
  2 orc sorcerers
  27 deep elf pyromancers
  A golden dragon skeleton (Depths:2)
  9 wolf spiders
  A wolf spider (shapeshifter) (Depths:1)
  An iron dragon skeleton (Crypt:2)
  30 ugly things
  2 orc knights
  An oklob plant (Lair:3)
  A tengu skeleton (Tomb:1)
  3 manticores
  A faun (shapeshifter) (Vaults:3)
  A will-o-the-wisp (Swamp:3)
  2 cyclopes
  A fire giant zombie (Depths:2)
  14 shining eyes
  22 elephants
  2 spectral centaurs (Crypt:3)
  2 meliai (Spider:3)
  6 kobold blastminers (Orc:2)
  28 moths of wrath
  13 vault sentinels
  2 ice statues (IceCv)
  A centaur zombie (Crypt:1)
  4 black mambas
  13 cane toads
  2 gargoyles
  5 torpor snails
  3 eyes of devastation
  A smoke demon (Depths:2)
  An unseen horror zombie (Crypt:1)
  2 hellions
  3 rime drakes
  An alligator snapping turtle skeleton (Tomb:1)
  3 kobold demonologists (D:10)
  24 yaktaurs
  4 komodo dragons
  A spectral naga (Crypt:3)
  An unseen horror (D:10)
  10 guardian mummies
  A spriggan skeleton (Depths:2)
  A bunyip simulacrum (Crypt:3)
  7 ice devils
  An anaconda simulacrum (IceCv)
  A red draconian skeleton (Crypt:1)
  A tormentor (D:11)
  5 tengu conjurers
  20 freezing wraiths
  6 trolls
  28 tarantellas
  A harpy skeleton (Crypt:3)
  A raiju (shapeshifter) (Vaults:1)
  6 polar bears
  15 hornets
  A tyrant leech (Zot:1)
  A guardian serpent zombie (Crypt:2)
  30 blink frogs
  9 dream sheep (Lair:5)
  3 glass eyes
  19 jumping spiders
  A guardian serpent skeleton (Crypt:2)
  A stone giant simulacrum (Crypt:1)
  A satyr skeleton (Crypt:1)
  7 wraiths
  2 air elementals (Elf:1)
  98 slime creatures
  3 vampires (D:11)
  3 shadows
  49 yaks
  13 culicivoras
  A dire elephant simulacrum (IceCv)
  6 water elementals
  3 nameless horrors
  7 wyverns
  3 fire bats (Lair:5)
  2 ushabtiu (Tomb:1)
  12 humans (D:14)
  6 wargs
  7 basilisks
  Grum (D:10)
  A death yak simulacrum (IceCv)
  10 golden eyes
  6 hogs (D:12)
  A steam dragon (D:6)
  39 redbacks
  A neqoxec (D:15)
  6 vampire mosquitoes
  A harpy simulacrum (Crypt:1)
  A water nymph zombie (Crypt:1)
  6 swamp worms
  3 acid dragons
  10 water moccasins
  A two-headed ogre skeleton (Crypt:1)
  31 orc warriors
  A naga skeleton (Crypt:1)
  2 ice beasts
  3 sky beasts
  Pargi (Sewer)
  A swamp drake (Swamp:4)
  A manticore zombie (Crypt:2)
  12 laughing skulls (Crypt:1)
  An ettin simulacrum (Crypt:3)
  4 ogres
  A snapping turtle skeleton (Crypt:1)
  A black bear (D:5)
  19 wolves
  6 centaurs
  2 lemures (D:9)
  5 kobold brigands
  3 weeping skulls (Elf:1)
  A brain worm (Sewer)
  A brain worm (shapeshifter) (D:15)
  10 bullfrogs
  2 gnoll sergeants
  2 necrophages (Crypt:2)
  2 two-headed ogre simulacra (IceCv)
  A cane toad simulacrum (IceCv)
  2 earth elementals (Elf:1)
  A salamander skeleton (Crypt:3)
  3 scorpions
  A water moccasin zombie (Crypt:1)
  18 wights
  A troll zombie (Crypt:2)
  A yak zombie (Crypt:2)
  2 elephant simulacra (IceCv)
  8 killer bees (D:7)
  6 electric eels
  3 vampire bats (D:4)
  A howler monkey (D:7)
  A raiju skeleton (Crypt:2)
  4 bombardier beetles
  4 hounds
  14 orc priests
  3 jellies
  2 gnoll boudas
  2 iguanas
  18 orc wizards
  3 polar bear simulacra (IceCv)
  A troll simulacrum (IceCv)
  3 spriggan simulacra
  A wolf simulacrum (IceCv)
  2 ogre zombies
  5 mummies (Tomb:1)
  Robin (D:2)
  5 adders
  24 gnolls
  4 naga simulacra (IceCv)
  A shadow imp (D:5)
  9 white imps
  5 ufetubi
  101 orcs
  5 bats
  A bat skeleton (D:4)
  4 bat zombies (D:4)
  4 endoplasms
  7 giant cockroaches
  13 goblins
  10 hobgoblins
  2 jackals (D:1)
  8 quokkas
  A river rat zombie (Crypt:3)
  8 ball pythons
  3 frilled lizards
  30 kobolds
  3 rats
  A spectral goblin (D:1)
  4 aspiring fleshes (Zot:3)
  5 fire vortices (Slime:5)
  2 lost souls (Elf:1)
2115 creatures vanquished.

Vanquished Creatures (collateral kills)
  An orb of fire (Zot:2)
  Bai Suzhen (Vaults:2)
  A caustic shrike (Depths:3)
  A golden dragon (Zot:2)
  5 tentacled monstrosities
  An Orb Guardian (Zot:5)
  A deep elf blademaster (Elf:3)
  A sphinx (Tomb:1)
  2 acid blobs
  A death cob (Zot:3)
  A thorn hunter (Swamp:4)
  A fire giant (Depths:3)
  Donald (Elf:3)
  2 rockslimes
  3 fenstrider witches (Swamp:4)
  A draconian monk (Zot:3)
  An iron dragon (Depths:4)
  3 emperor scorpions
  A draconian shifter (Zot:2)
  A balrug (D:7)
  Louise (D:14)
  A vault warden (Vaults:2)
  5 ghouls (Swamp:4)
  A draconian stormcaller (Zot:1)
  A draconian annihilator (Zot:4)
  2 ironbound preservers
  3 very ugly things
  A formless jellyfish (Vaults:4)
  A broodmother (Spider:4)
  A vampire knight (Vaults:3)
  A bennu (Tomb:1)
  5 eleionomae
  The ghost of Buti the Severer, a journeyman MiBe of Trog (D:14)
  A dire elephant (Vaults:1)
  5 bunyips
  2 white draconians
  A yellow draconian (Zot:2)
  A purple draconian (Zot:3)
  2 spark wasps (Spider:4)
  A red draconian (Zot:2)
  A war gargoyle (Vaults:1)
  2 eidola
  2 ettins
  A crystal guardian (Vaults:4)
  A jiangshi (Crypt:3)
  A yaktaur captain (Vaults:4)
  An entropy weaver (Spider:2)
  9 hydras
  A hell beast (Swamp:4)
  An ogre mage (Swamp:4)
  A ghost crab (Swamp:4)
  2 great orbs of eyes
  A rakshasa (D:15)
  A spriggan air mage (Swamp:4)
  3 alligators
  A catoblepas (D:15)
  2 radroaches (Spider:4)
  6 vault guards
  5 centaur warriors
  A spectral stone giant (Crypt:3)
  2 boulder beetles
  13 dancing weapons
  A spriggan skeleton (Tomb:1)
  An Orb Guardian skeleton (Crypt:3)
  A tengu warrior (D:14)
  Urug (D:13)
  3 deep elf knights (Elf:2)
  3 soul eaters (Swamp:4)
  4 spriggans
  3 pharaoh ants
  2 skysharks (Elf:1)
  A skyshark (shapeshifter) (Depths:3)
  A sun demon (D:7)
  4 skeletal warriors
  A sixfirhy (Swamp:4)
  3 spriggan druids
  5 goliath frogs
  A flayed ghost (Crypt:3)
  4 arcanists
  5 deep trolls
  3 bog bodies
  A death drake (Swamp:4)
  An orb spider (Spider:4)
  5 swamp dragons
  2 sun moths
  2 deep elf archers (Elf:2)
  A steelbarb worm (Spider:4)
  2 lindwurms (Vaults:3)
  4 deep elf zephyrmancers (Elf:2)
  14 wolf spiders
  An orc sorcerer (Swamp:4)
  6 ugly things
  3 will-o-the-wisps
  A cyclops (D:15)
  2 necromancers
  A shadow dragon skeleton (Crypt:1)
  9 deep elf pyromancers
  A manticore (D:14)
  A meliai (Spider:3)
  A spectral ettin (Crypt:3)
  3 moths of wrath
  A frost giant skeleton (Depths:2)
  An eye of devastation (Slime:1)
  A centaur skeleton (Tomb:1)
  2 torpor snails (Spider:4)
  6 orange demons (Swamp:4)
  An alligator snapping turtle zombie (Tomb:1)
  A yaktaur (Vaults:4)
  A kobold demonologist (D:12)
  An iron troll zombie (Crypt:3)
  4 freezing wraiths
  An efreet (D:14)
  A spectral harpy (Crypt:3)
  2 hellwings (Swamp:4)
  4 hornets
  3 tyrant leeches
  6 tarantellas
  A culicivora zombie (Crypt:2)
  30 slime creatures
  6 jumping spiders
  3 culicivoras
  An air elemental (Elf:1)
  3 water elementals
  A wraith (D:13)
  A hog (shapeshifter) (D:15)
  5 humans (D:14)
  2 golden eyes (Slime:2)
  3 vampire mosquitoes (Swamp:1)
  9 redbacks
  A chaos spawn (Swamp:4)
  15 swamp worms
  A water moccasin (shapeshifter) (Elf:2)
  2 swamp drakes
  An orc warrior (D:12)
  A blink frog zombie (Crypt:3)
  2 centaurs (D:15)
  2 earth elementals (Elf:2)
  A necrophage (Crypt:2)
  2 electric eels
  A wolf zombie (Crypt:3)
  3 mummies (Tomb:1)
  A naga skeleton (Crypt:2)
  An orc (D:12)
  2 kobolds (D:12)
  An aspiring flesh (Zot:3)
371 creatures vanquished.

Vanquished Creatures (others)
  A deep elf death mage (Elf:1)
  A green draconian (Zot:4)
  An unseen horror (D:13)
  643 fire vortices
  9 foxfires
655 creatures vanquished.

Grand Total: 3141 creatures vanquished

Notes
Turn   | Place    | Note
-------+----------+-------------------------------------------
     0 | D:1      | AutarchDCSS the Gargoyle Conjurer began the quest for the
                  | Orb.
     0 | D:1      | Reached XP level 1. HP: 10/10 MP: 3/3
    77 | D:1      | Found a faded altar of an unknown god.
   393 | D:1      | Reached XP level 2. HP: 10/15 MP: 0/5
   555 | D:1      | Learned a level 2 spell: Searing Ray
  1398 | D:2      | Found Cobosh's Book Shop.
  1398 | D:2      | Noticed a walking crystal tome
  1422 | D:2      | Noticed a walking frostbound tome
  1464 | D:2      | Reached XP level 3. HP: 19/19 MP: 3/6
  1505 | D:2      | Found an iron altar of Okawaru.
  1709 | D:2      | Reached skill level 5 in Conjurations
  1710 | D:2      | Reached XP level 4. HP: 10/24 MP: 3/8
  2027 | D:2      | Noticed Robin
  2030 | D:2      | Killed Robin
  2593 | D:3      | Reached skill level 6 in Conjurations
  2905 | D:3      | Noticed a kobold brigand
  2917 | D:3      | Reached skill level 1 in Fighting
  2919 | D:3      | Reached XP level 5. HP: 26/29 MP: 6/9
  2960 | D:3      | Killed a kobold brigand
  3445 | D:3      | Reached XP level 6. HP: 27/38 MP: 1/10
  3528 | D:3      | Found a runed translucent gate.
  3532 | D:3      | Found a runed translucent gate.
  3533 | D:3      | Found a runed translucent gate.
  3534 | D:3      | Noticed Ceno's ghost (amateur OpSh)
  4499 | D:4      | Noticed a sky beast
  4507 | D:4      | Killed a sky beast
  4508 | D:4      | Reached skill level 5 in Fighting
  5023 | D:4      | Reached XP level 7. HP: 45/45 MP: 4/11
  5745 | D:4      | Found an ancient bone altar of Kikubaaqudgha.
  5945 | D:5      | Entered Level 5 of the Dungeon
  5999 | D:5      | Found a glowing drain.
  6004 | Sewer    | Entered a sewer
  6057 | Sewer    | Noticed Pargi
  6066 | Sewer    | Killed Pargi
  6748 | D:5      | Reached skill level 5 in Spellcasting
  6753 | D:5      | Learned a level 4 spell: Iskenderun's Mystic Blast
  6788 | D:5      | Reached skill level 1 in Translocations
  7094 | D:5      | Reached XP level 8. HP: 46/51 MP: 7/15
  7295 | D:5      | Noticed a yak
  7295 | D:5      | Noticed a yak
  7297 | D:5      | Noticed a yak
  7310 | D:5      | Killed a yak
  7370 | D:5      | Killed a yak
  7373 | D:5      | Killed a yak
  7374 | D:5      | Reached skill level 7 in Conjurations
  7880 | D:5      | Reached skill level 8 in Conjurations
  8917 | D:6      | Found a white marble altar of Elyvilon.
  8957 | D:6      | Reached skill level 9 in Conjurations
  8957 | D:6      | Reached XP level 9. HP: 55/55 MP: 10/16
 11013 | D:7      | Found a glowing silver altar of Zin.
 11701 | D:7      | Reached skill level 10 in Fighting
 11755 | D:7      | Found a staircase to the Ecumenical Temple.
 11862 | Temple   | Entered the Ecumenical Temple
 11876 | Temple   | Became a worshipper of Ashenzari the Shackled
 11946 | D:7      | Found a basalt altar of Yredelemnul.
 12064 | D:7      | Found a shimmering blue altar of Sif Muna.
 12140 | D:7      | Reached XP level 10. HP: 68/68 MP: 12/17
 12575 | D:8      | Found a radiant altar of Vehumet.
 12751 | D:8      | Noticed a manticore
 12761 | D:8      | Killed a manticore
 12860 | D:8      | Reached skill level 10 in Conjurations
 14456 | D:9      | Noticed Pikel
 14464 | D:9      | Killed Pikel
 14572 | D:9      | Found a hazy altar of Hepliaklqana.
 14740 | D:9      | Noticed a two-headed ogre
 14751 | D:9      | Killed a two-headed ogre
 14932 | D:9      | Found Oniatt's Assorted Antiques.
 14979 | D:9      | Found Eneum's Distillery.
 14987 | D:9      | Bought a potion of curing for 36 gold pieces
 15032 | D:9      | Reached * piety under Ashenzari
 15032 | D:9      | Identified a scroll of acquirement
 15232 | D:9      | Found Diskut's Distillery.
 15233 | D:9      | Acquired the Compilation of Striking and the Autopsy
 15236 | D:9      | Found Feviupp's Weapon Shop.
 15237 | D:9      | Found Dikado Niowk's Antique Armour Emporium.
 15329 | D:9      | Found a transporter.
 15331 | D:9      | Found Otoseoz's General Store.
 15373 | D:9      | Found a transporter.
 15419 | D:9      | Found a staircase to the Lair.
 15528 | D:9      | Found Repsiezxula's Antique Weapon Emporium.
 15543 | D:9      | Found Ceib's Distillery.
 15637 | D:9      | Found an opulent altar of Gozag.
 15637 | D:9      | Found a faded altar of an unknown god.
 15644 | D:9      | Found a stormy altar of Qazlal.
 15646 | D:9      | Found a bloodstained altar of Trog.
 15648 | D:9      | Found an iron altar of Okawaru.
 15736 | D:10     | Entered Level 10 of the Dungeon
 15771 | D:10     | Reached skill level 1 in Staves
 15771 | D:10     | Reached skill level 1 in Fire Magic
 15772 | D:10     | Reached XP level 11. HP: 74/74 MP: 16/25
 16049 | D:10     | Noticed Nergalle
 16066 | D:10     | Killed Nergalle
 16204 | D:10     | Noticed a cyclops
 16248 | D:10     | Killed a cyclops
 16533 | D:10     | Found a staircase to the Orcish Mines.
 16540 | D:10     | Learned a level 5 spell: Fireball
 16554 | D:10     | Noticed Grum
 16577 | D:10     | Killed Grum
 16690 | D:10     | Reached ** piety under Ashenzari
 16853 | D:10     | Reached skill level 5 in Fire Magic
 16986 | D:10     | Noticed a boulder beetle
 16992 | D:10     | Killed a boulder beetle
 17906 | Lair:1   | Entered Level 1 of the Lair of Beasts
 18183 | Lair:1   | Noticed an eight-headed hydra
 18360 | Lair:1   | Killed an eight-headed hydra
 18478 | Lair:1   | Reached XP level 12. HP: 81/81 MP: 4/27
 19015 | Lair:1   | Reached skill level 10 in Fire Magic
 19015 | Lair:1   | Reached skill level 1 in Ice Magic
 19044 | Lair:1   | Reached skill level 1 in Air Magic
 21417 | Lair:2   | Found a hole to the Spider Nest.
 21468 | Lair:2   | Reached *** piety under Ashenzari
 21734 | D:2      | Bought a book of Vapours for 260 gold pieces
 21740 | D:2      | Learned a level 5 spell: Freezing Cloud
 22849 | Lair:2   | Reached skill level 11 in Conjurations
 22850 | Lair:2   | Reached XP level 13. HP: 80/88 MP: 12/29
 24037 | Lair:3   | Reached skill level 12 in Conjurations
 24547 | Lair:3   | Found a hide-covered altar of Uskayaw.
 25348 | Lair:3   | Found a staircase to the Swamp.
 25435 | Lair:3   | Learned a level 7 spell: Orb of Destruction
 27610 | Lair:4   | Found a staircase to the Slime Pits.
 27611 | Lair:4   | Found a viscous altar of Jiyva.
 27887 | Lair:5   | Entered Level 5 of the Lair of Beasts
 28133 | Lair:4   | Gained mutation: Your large and strong wings let you fly.
                  | [Gargoyle growth]
 28133 | Lair:4   | Reached XP level 14. HP: 98/98 MP: 7/30
 28379 | Lair:5   | Found a dark tunnel.
 28392 | Volcano  | Entered a volcano
 28671 | Volcano  | Noticed a red draconian
 29320 | Lair:5   | Learned a level 5 spell: Iskenderun's Battlesphere
 30002 | Lair:5   | Reached skill level 1 in Earth Magic
 31118 | Lair:5   | Reached skill level 5 in Earth Magic
 31418 | Lair:5   | Learned a level 6 spell: Starburst
 32316 | Lair:5   | Noticed a dire elephant
 32364 | Lair:5   | Killed a dire elephant
 33006 | Lair:5   | Identified the ring "Mochaug" {rF+ rN+ MP+9 Int+3 Dex+3}
 33007 | Lair:5   | Identified the +8 war axe "Soqezaq" {flame, rF+ rC++ Dex+2}
 34186 | D:11     | Reached **** piety under Ashenzari
 34359 | D:11     | Found the +8 frozen axe "Frostbite" {freeze, freezing
                  | cloud, *Noise Fly rC+}
 34688 | D:12     | Reached skill level 10 in Earth Magic
 34688 | D:12     | Reached XP level 15. HP: 72/104 MP: 16/32
 34740 | D:12     | Noticed Kirke
 34750 | D:12     | Killed Kirke
 34866 | D:12     | Found a frozen archway.
 34874 | IceCv    | Entered an ice cave
 36593 | D:12     | Noticed Erolcha
 36599 | D:12     | Killed Erolcha
 36906 | D:12     | Reached skill level 1 in Armour
 36921 | D:12     | Noticed Fannar
 36926 | D:12     | Killed Fannar
 37249 | Orc:1    | Entered Level 1 of the Orcish Mines
 37251 | Orc:1    | Noticed an orc warlord
 37266 | Orc:1    | Killed an orc warlord
 38333 | Orc:1    | Found a bloodstained altar of Trog.
 38441 | Orc:2    | Entered Level 2 of the Orcish Mines
 38584 | Orc:2    | Found Qafola Oddia's Assorted Antiques.
 39000 | Orc:2    | Noticed Saint Roka
 39057 | Orc:2    | Killed Saint Roka
 39710 | Orc:2    | Found Zoaseb's Antique Armour Shoppe.
 39712 | Orc:2    | Found Zyucegew's Antique Weapon Emporium.
 39725 | Orc:2    | Bought a pair of scorched gloves for 294 gold pieces
 39725 | Orc:2    | Identified the +1 pair of gloves of Viyneepn {Str+3 Dex-5
                  | SInv} (You bought it in a shop on level 2 of the Orcish
                  | Mines)
 39803 | Orc:2    | Found a staircase to the Elven Halls.
 40261 | Orc:2    | Found Kuuvvyokh's Antique Armour Shop.
 40268 | Orc:2    | Bought a pair of bloodstained boots for 285 gold pieces
 40268 | Orc:2    | Identified the +1 pair of boots "Qeja" {Will- Dex+7 SInv}
                  | (You bought it in a shop on level 2 of the Orcish Mines)
 40270 | Orc:2    | Bought a glowing cloak for 225 gold pieces
 40391 | Orc:2    | Reached skill level 1 in Shields
 40517 | Elf:1    | Entered Level 1 of the Elven Halls
 40777 | Elf:1    | Found a radiant altar of Vehumet.
 40895 | Elf:1    | Reached skill level 5 in Shields
 41367 | Elf:1    | Reached XP level 16. HP: 103/113 MP: 2/33
 41820 | Elf:1    | Paralysed by an air elemental for 1 turns
 42072 | Elf:1    | Reached skill level 5 in Stealth
 42420 | Elf:1    | Reached skill level 13 in Conjurations
 42974 | Elf:1    | Reached skill level 14 in Conjurations
 43830 | Elf:1    | Identified the +7 war axe of Taucre {protect, +Blink rPois
                  | Str-3}
 43834 | Elf:1    | Reached skill level 15 in Conjurations
 44280 | Spider:1 | Entered Level 1 of the Spider Nest
 45140 | Spider:1 | Reached skill level 16 in Conjurations
 46993 | Spider:1 | Found a runed translucent door.
 46994 | Spider:1 | Noticed tigertrap's ghost (journeyman DgFE)
 48322 | Spider:2 | Reached XP level 17. HP: 118/118 MP: 23/34
 50610 | Spider:2 | Reached skill level 15 in Earth Magic
 50804 | Spider:2 | Noticed Arachne
 51837 | Spider:2 | Reached skill level 1 in Summonings
 52608 | Spider:2 | Reached ***** piety under Ashenzari
 52617 | Spider:2 | Learned a level 7 spell: Spellforged Servitor
 52677 | Spider:1 | Learned a level 8 spell: Lehudib's Crystal Spear
 52836 | Spider:2 | Killed Arachne
 53867 | Spider:3 | Found the +8 pair of quick blades "Gyre" and "Gimble"
                  | {protect}
 54417 | Spider:2 | Reached skill level 5 in Summonings
 55894 | D:12     | Found a portal to a secret trove of treasure.
 56249 | D:13     | Noticed Urug
 56260 | D:13     | Killed Urug
 57233 | D:14     | Found the +4 Cigotuvi's embrace {Corpsefed rMiasma ^Drain
                  | rN+}
 57256 | D:14     | Noticed Louise
 57262 | D:14     | Killed Louise
 57927 | D:14     | Reached skill level 17 in Conjurations
 58327 | D:14     | Found a gate to the Vaults.
 58506 | D:14     | Found a sacrificial altar of Ru.
 58612 | D:14     | Reached XP level 18. HP: 126/126 MP: 35/35
 58864 | D:14     | Found a runed translucent gate.
 58864 | D:14     | Found a runed translucent gate.
 58865 | D:14     | Noticed Buti's ghost (journeyman MiBe)
 58866 | D:14     | Found a runed translucent gate.
 58893 | D:14     | Killed Buti's ghost
 59110 | D:15     | Entered Level 15 of the Dungeon
 59366 | D:15     | Identified the +5 trident "Hureczao" {heavy, rF+ Stlth+}
 59386 | D:15     | Reached skill level 15 in Fire Magic
 59786 | D:15     | Found a shadowy altar of Dithmenos.
 60546 | D:15     | Found a staircase to the Depths.
 60965 | Swamp:1  | Entered Level 1 of the Swamp
 61842 | Swamp:1  | Reached skill level 18 in Conjurations
 61962 | Swamp:1  | Identified the +1 demon trident of Fedhas, Blushing {flame,
                  | rElec rPois rC+}
 62170 | Swamp:1  | Identified the Spellbook of Wanderlust and Bringing Forth
 62471 | Swamp:2  | Identified the -1 pair of gloves "Xoed Sua" {rN+ Slay+4
                  | Stlth-}
 62471 | Swamp:2  | Noticed Nikola
 62480 | Swamp:2  | Killed Nikola
 63461 | Swamp:2  | Found a runed translucent door.
 63461 | Swamp:2  | Identified the +2 spear "Egen" {antimagic, rC+}
 63463 | Swamp:2  | Noticed bakla's ghost (journeyman HuEE)
 63463 | Swamp:2  | Identified the +1 ring mail "Reuduvyon" {rC+}
 64504 | Swamp:4  | Entered Level 4 of the Swamp
 64527 | Swamp:4  | Reached skill level 19 in Conjurations
 65364 | Swamp:4  | Reached XP level 19. HP: 131/131 MP: 36/36
 65812 | Swamp:4  | Paralysed by a fenstrider witch for 4 turns
 66049 | Swamp:4  | Got a decaying rune of Zot
 67001 | Spider:3 | Noticed Mlioglotl
 67004 | Spider:3 | Killed Mlioglotl
 68194 | Spider:4 | Entered Level 4 of the Spider Nest
 70385 | Spider:4 | Reached skill level 10 in Spellcasting
 71131 | Spider:4 | Got a gossamer rune of Zot
 71947 | Elf:2    | Noticed Norris
 71948 | Elf:2    | Paralysed by an air elemental for 1 turns
 72059 | Elf:1    | Killed Norris
 72200 | Elf:2    | Paralysed by an air elemental for 1 turns
 72205 | Elf:1    | Paralysed by an air elemental for 1 turns
 72208 | Elf:1    | Paralysed by an air elemental for 1 turns
 72210 | Elf:1    | Reached skill level 20 in Conjurations
 72968 | Elf:2    | Reached XP level 20. HP: 134/134 MP: 38/38
 72997 | Elf:2    | Found a radiant altar of Vehumet.
 73451 | Elf:2    | Found a runed translucent gate.
 73451 | Elf:2    | Found a runed translucent gate.
 73453 | Elf:2    | Found a runed translucent gate.
 73913 | Vaults:1 | Entered Level 1 of the Vaults
 74048 | Vaults:1 | Learned a level 9 spell: Fire Storm
 74464 | Vaults:1 | Found Iseba's Antique Weapon Shoppe.
 74542 | Vaults:1 | Identified the cursed +2 cloak of the Profound Mutualism
                  | {rCorr, Elem, Bglg} (You bought it in a shop on level 2 of
                  | the Orcish Mines)
 74542 | Vaults:1 | Identified the cursed +1 pair of gloves of the Omniscient
                  | Heavens {Comp, Sorc} (You found it on level 10 of the
                  | Dungeon)
 74542 | Vaults:1 | Identified the cursed +0 pair of boots of the Ensconced
                  | Moon {Comp, Self} (You found it on level 7 of the Dungeon)
 74542 | Vaults:1 | Identified the cursed +2 buckler "Astral Water Diviner"
                  | {Elem, Range} (You found it on level 13 of the Dungeon)
 74542 | Vaults:1 | Identified the cursed +3 troll leather armour of
                  | Ashenzari's Apathy {Regen+, Pargi, Elem, Fort} (You found
                  | it in a sewer)
 74542 | Vaults:1 | Identified the cursed ring of Ashenzari's Elitism {Int+6,
                  | Elem, Self} (You found it on level 7 of the Dungeon)
 74542 | Vaults:1 | Identified the cursed amulet of the Prophetic Repose
                  | {Acrobat, Self, Sorc} (You found it on level 3 of the
                  | Dungeon)
 74894 | Vaults:1 | Found Ycvome Awaas's Weapon Boutique.
 75643 | Vaults:1 | Found Qypnuer's Assorted Antiques.
 75655 | Vaults:1 | Bought a potion of heal wounds for 95 gold pieces
 75655 | Vaults:1 | Bought a scroll of teleportation for 57 gold pieces
 75655 | Vaults:1 | Bought a scroll of teleportation for 57 gold pieces
 78258 | Vaults:2 | Reached skill level 15 in Spellcasting
 78702 | Vaults:2 | Reached XP level 21. HP: 140/140 MP: 34/44
 79139 | Vaults:2 | Found a runed translucent gate.
 79139 | Vaults:2 | Found a runed translucent gate.
 79139 | Vaults:2 | Found a runed translucent gate.
 79139 | Vaults:2 | Noticed Cexaud's ghost (adept DjCK)
 79410 | Vaults:2 | Noticed Bai Suzhen
 79415 | Vaults:2 | Killed Bai Suzhen
 79416 | Vaults:2 | Reached skill level 5 in Staves
 80013 | Vaults:2 | Killed Cexaud's ghost
 80418 | Vaults:2 | Reached XP level 22. HP: 149/149 MP: 46/46
 81000 | Swamp:2  | Killed bakla's ghost
 82067 | Elf:3    | Entered Level 3 of the Elven Halls
 82118 | Elf:3    | Found Xuot's Antique Armour Emporium.
 82581 | Elf:3    | Found Piakur's Jewellery Shop.
 82590 | Elf:3    | Bought the amulet "Jevaggom" {RegenMP SInv} for 700 gold
                  | pieces
 82837 | Elf:3    | Identified the +5 kite shield of the Other World {^Contam
                  | rElec Will+}
 82837 | Elf:3    | Noticed Donald
 82852 | Elf:3    | Killed Donald
 83644 | Elf:3    | Identified the ring "Zonniewk" {Ice Str+2 Dex+4}
 83919 | Elf:3    | Identified the ring "Rubok" {Ice *Corrode rN+ Slay+6}
 83968 | Elf:3    | Identified the ring of Free Will {+Blink Will++ MP+9 Dex-3
                  | Slay+2}
 84039 | Elf:3    | Identified the +1 troll leather armour of Ru's Delight {rF-
                  | Regen+ rCorr Dex+4 Slay+2}
 84041 | Elf:3    | Identified the +9 whip "Peckuf" {freeze, rC+ Str-5 Dex+6
                  | SInv}
 85811 | Vaults:3 | Reached skill level 21 in Conjurations
 86489 | Vaults:3 | Identified the +2 robe of Bespelled Awe {rPois rC+ Dex+4}
 86554 | Vaults:3 | Identified the +5 short sword "Upysch" {freeze, *Noise
                  | Will+ Int+4}
 86883 | Vaults:3 | Reached skill level 5 in Evocations
 87538 | Vaults:3 | Found a staircase to the Crypt.
 87538 | Vaults:3 | Found an ancient bone altar of Kikubaaqudgha.
 87539 | Vaults:3 | Found a basalt altar of Yredelemnul.
 87582 | Vaults:3 | Reached XP level 23. HP: 153/153 MP: 41/47
 90116 | Vaults:4 | Reached skill level 10 in Evocations
 91110 | Vaults:4 | Reached skill level 15 in Fighting
 91901 | Depths:1 | Entered Level 1 of the Depths
 92383 | Depths:1 | Found a gateway to Hell.
 92623 | Depths:1 | Identified Erchoroc's Tome of the Variable Inferno
 92745 | Depths:1 | Found a burning altar of Makhleb.
 92962 | Depths:1 | Found a glowing golden altar of the Shining One.
 93031 | Depths:1 | Found an opulent altar of Gozag.
 93476 | Depths:1 | Found Sivinuba's Jewellery Boutique.
 94896 | Depths:2 | Found an ancient bone altar of Kikubaaqudgha.
 94910 | Depths:2 | Reached XP level 24. HP: 161/168 MP: 18/47
 94926 | Depths:2 | Identified the +1 buckler of the Moon {Dex+4}
 95769 | Depths:2 | Found a one-way gate to the infinite horrors of the Abyss.
 95772 | Depths:2 | Found Gonu's Magic Scroll Emporium.
 95780 | Depths:2 | Bought a scroll of teleportation for 48 gold pieces
 95841 | Depths:2 | Found a runed translucent door.
 95875 | Depths:2 | Found a broken altar of Ashenzari.
 96701 | Depths:2 | Found a one-way gate leading to the halls of Pandemonium.
 96846 | Depths:2 | Found a viscous altar of Jiyva.
 97636 | Depths:3 | Noticed a caustic shrike
 97639 | Depths:3 | Killed a caustic shrike
 98588 | Depths:3 | Identified the ring "Soss" {AC+4 Int+6 Dex-3}
 98809 | Depths:3 | Noticed the Enchantress
 98811 | Depths:3 | Killed the Enchantress
 98998 | Depths:3 | Identified the +8 chain mail of the Pink Corner {rPois
                  | Will++ Int-3 Stlth-}
 99096 | Depths:3 | Identified the +2 robe of the Journeyman {Harm}
 99096 | Depths:3 | Noticed Boris
 99098 | Depths:3 | Killed Boris
 99465 | Depths:3 | Found a one-way gateway to a ziggurat.
 99495 | Depths:4 | Entered Level 4 of the Depths
 99678 | Depths:4 | Noticed a caustic shrike
 99680 | Depths:4 | Killed a caustic shrike
 99691 | Depths:4 | Noticed a caustic shrike
 99694 | Depths:4 | Killed a caustic shrike
 99950 | Depths:4 | Noticed a caustic shrike
 99952 | Depths:4 | Noticed a caustic shrike
 99953 | Depths:4 | Killed a caustic shrike
 99955 | Depths:4 | Killed a caustic shrike
 99955 | Depths:4 | Noticed a caustic shrike
100200 | Depths:4 | Noticed a caustic shrike
100201 | Depths:4 | Noticed a caustic shrike
100204 | Depths:3 | Killed a caustic shrike
100586 | Depths:4 | Killed a caustic shrike
100954 | Depths:4 | Killed a caustic shrike
101517 | Depths:4 | Noticed Mennas
101574 | Depths:4 | Killed Mennas
101576 | Depths:4 | Reached XP level 25. HP: 178/178 MP: 30/47
101678 | Depths:4 | Reached skill level 10 in Shields
102162 | Depths:4 | Found a gate to the Realm of Zot.
103735 | Crypt:1  | Entered Level 1 of the Crypt
104298 | Crypt:1  | Identified the +7 trident of Foolhardiness {freeze, rN+
                  | Dex+3}
106647 | Crypt:2  | Reached skill level 5 in Dodging
107259 | Crypt:3  | Entered Level 3 of the Crypt
107732 | Crypt:3  | Found a staircase to the Tomb.
108383 | Crypt:3  | Reached skill level 5 in Armour
109709 | Crypt:3  | Identified the ring "Mieti" {rElec rF+ rC- Int+8 Slay-5}
109709 | Crypt:3  | Identified the +5 scale mail of Keoma {+Blink Fly rElec
                  | MP+9}
110171 | Crypt:3  | Learned a level 3 spell: Passwall
110296 | Crypt:3  | Identified the +6 whip "Buhufa Anka" {drain, rN+ Str+5
                  | Int+5}
110296 | Crypt:3  | Found the +8 demon blade "Leech" {evervamp, Harm ^Drain
                  | rN+}
110296 | Crypt:3  | Identified the +1 leather armour "Ocrir" {+Blink Regen+}
110297 | Crypt:3  | Identified the Almanac of Misty Hurting
110507 | Tomb:1   | Entered Level 1 of the Tomb of the Ancients
110660 | Tomb:1   | Reached XP level 26. HP: 179/179 MP: 38/44
111081 | Tomb:1   | Identified the +12 rapier "Gytwiun" {vamp, ^Fragile Fly
                  | rPois}
111627 | Tomb:1   | Noticed a royal mummy
111631 | Tomb:1   | Killed a royal mummy
112541 | Slime:1  | Entered Level 1 of the Pits of Slime
112640 | Slime:1  | Gained mutation: Your magical capacity is low. (-10% MP) [a
                  | shining eye]
115841 | Slime:5  | Entered Level 5 of the Pits of Slime
116951 | Slime:5  | Noticed the Royal Jelly
116954 | Slime:5  | Killed the Royal Jelly
117186 | Slime:5  | Identified the ring "Gaycw" {Fly Will+ Str+3 Int+6}
117241 | Slime:5  | Identified the +3 trident "Embalmer" {venom, rC+ rN+++
                  | Int+3 Dex+3}
117291 | Slime:5  | Got a slimy rune of Zot
117309 | Slime:5  | Identified the +8 quarterstaff of False Accusations {heavy,
                  | *Rage rF+ rN+ Dex+3}
119746 | Zot:1    | Entered Level 1 of the Realm of Zot
120303 | Zot:1    | Reached skill level 5 in Air Magic
120310 | Zot:1    | Reached XP level 27. HP: 181/188 MP: 16/44
121697 | Zot:2    | Noticed an orb of fire
121703 | Zot:2    | Killed an orb of fire
122194 | Zot:2    | Reached skill level 10 in Air Magic
122373 | Zot:2    | Found a stormy altar of Qazlal.
124061 | Zot:2    | Learned a level 8 spell: Maxwell's Capacitive Coupling
125694 | Zot:3    | Identified Lixeq's Omnibus of Caustic Evil
125738 | Zot:3    | Identified the Textbook on Polluted Shadows
126366 | Zot:4    | Noticed an orb of fire
126368 | Zot:4    | Gained mutation: Your flesh is cold resistant. (rC+) [an
                  | orb of fire]
126369 | Zot:4    | Killed an orb of fire
126805 | Zot:5    | Entered Level 5 of the Realm of Zot
127364 | D:9      | Bought a potion of invisibility for 88 gold pieces
127364 | D:9      | Bought a potion of curing for 33 gold pieces
127364 | D:9      | Bought a potion of haste for 110 gold pieces
127364 | D:9      | Bought a potion of might for 44 gold pieces
127364 | D:9      | Bought a potion of brilliance for 44 gold pieces
127364 | D:9      | Bought a potion of resistance for 110 gold pieces
127407 | D:9      | Bought a potion of heal wounds for 80 gold pieces
127407 | D:9      | Bought a potion of brilliance for 64 gold pieces
127407 | D:9      | Bought a potion of brilliance for 64 gold pieces
127407 | D:9      | Bought a potion of magic for 128 gold pieces
127455 | D:9      | Bought a potion of brilliance for 48 gold pieces
127455 | D:9      | Bought a potion of heal wounds for 60 gold pieces
127455 | D:9      | Bought a potion of curing for 36 gold pieces
127455 | D:9      | Bought a potion of heal wounds for 60 gold pieces
127455 | D:9      | Bought a potion of cancellation for 96 gold pieces
127455 | D:9      | Bought a potion of cancellation for 96 gold pieces
127455 | D:9      | Bought a potion of resistance for 120 gold pieces
127826 | Zot:5    | Reached skill level 22 in Conjurations
127869 | Zot:5    | Noticed an orb of fire
127873 | Zot:5    | Killed an orb of fire
128590 | Zot:5    | Noticed an orb of fire
128596 | Zot:5    | Gained mutation: You are dopey. (Int -2) [an orb of fire]
128665 | Zot:5    | Killed an orb of fire
129045 | Zot:5    | Noticed an orb of fire
129046 | Zot:5    | Gained mutation: You are clumsy. (Dex -2) [an orb of fire]
129049 | Zot:5    | Gained mutation: You are weak. (Str -2) [an orb of fire]
129050 | Zot:5    | Killed an orb of fire
129112 | Zot:5    | Noticed a dread lich
129119 | Zot:5    | Killed a dread lich
129123 | Zot:5    | Noticed an orb of fire
129127 | Zot:5    | Gained mutation: Your health recovers twice as slowly from
                  | being drained. [an orb of fire]
129130 | Zot:5    | Killed an orb of fire
129244 | Zot:5    | Lost mutation: Your health recovers twice as slowly from
                  | being drained. [potion of mutation]
129244 | Zot:5    | Lost mutation: Your magical capacity is low. (-10% MP)
                  | [potion of mutation]
129244 | Zot:5    | Gained mutation: You passively dampen the noise of your
                  | surroundings. [potion of mutation]
129276 | Zot:5    | Noticed a dread lich
129279 | Zot:5    | Paralysed by a dread lich for 4 turns
129288 | Zot:5    | Killed a dread lich
129343 | Zot:5    | Noticed an orb of fire
129347 | Zot:5    | Killed an orb of fire
129555 | Zot:5    | Reached ****** piety under Ashenzari
129608 | Zot:5    | Got the Orb of Zot
129784 | Zot:1    | Reached skill level 23 in Conjurations
129815 | Depths:4 | Noticed a seraph
129818 | Depths:4 | Killed a seraph
129997 | D:12     | Noticed Irepnoet the pandemonium lord
130073 | D:9      | Noticed Nuloifoe the pandemonium lord
130258 | D:3      | Noticed Zufooledd the pandemonium lord
130262 | D:3      | Killed Zufooledd the pandemonium lord
130324 | D:$      | Escaped with the Orb!

Illustrated notes

Levels and vault maps discovered:
D:1:      minmay_arrival_open_corners, layout_loops_ring,
          dreamdust_ecumenical_altar_drowned_temple, hangedman_decor_riveting,
          solitary_fountain, reono_crystal_passage
D:2:      layout_basic, serial_shops, nicolae_shop_mannequins, basic_altar,
          minmay_goblin_kobold_house, uniq_robin
D:3:      cheibrodos_thug_alley, layout_loops_ring, gammafunk_ghost_split
D:4:      layout_loops_cross, kennysheep_vampire_church
D:5:      layout_basic, portal_sewer_entry_e
D:6:      layout_basic, amcnicky_altar_gilded, hangedman_decor_push,
          minmay_misc_feat_four_crosses
D:7:      layout_basic, mainiacjoe_overflow_six_doors_small,
          mainiacjoe_overflow_swirl, minmay_temple_entry_hall,
          mrwooster_statue_mirror
D:8:      layout_loops_ring, nicolae_vehumet_radiance
D:9:      layout_cave_pools, chequers_temple_overflow_minitemple,
          mainiacjoe_overflow_24_doors, dpeg_oklobed_lair, serial_shops,
          nicolae_shop_behind_doors, nicolae_shop_tiny_glass,
          nicolae_shop_behind_doors, nicolae_shop_drivethru, shop,
          nicolae_wooded_promenade, uniq_pikel
D:10:     layout_roguey [special_room_orc], orc_0_dummy, serial_curves,
          eino_curves_02, eino_curves_01, eino_curves_02, eino_curves_04,
          uniq_grum, uniq_nergalle
D:11:     layout_gridville, minmay_stone_trees_medium,
          hellmonk_guarded_unrand_frostbite
D:12:     layout_basic, enter_trove_3, portal_ice_cave_entry_pillars_2,
          drop_trap, uniq_fannar, uniq_kirke, uniq_erolcha
D:13:     layout_roguey, serial_bayou_lagoon_b, uniq_urug
D:14:     layout_basic, grunt_vaults_entry_tiered, gammafunk_ghost_hydra_chop,
          hangedman_ru_absence, uniq_louise
D:15:     gammafunk_enter_depths_forms, layout_cave_pools,
          grunt_dithmenos_smoke_and_mirrors, chequers_serial_rivers_micro_d,
          st_stairs_12, minivault_16, hangedman_decor_peaks_small,
          nicolae_concentric_dashed_squares_mild, dk_noncrumbling_2,
          chequers_jeans, grunt_decor_junction
Temple:   chequers_temple_sunken
Lair:1:   hellmonk_destroyed_diamonds, layout_regular_city, st_stairs_12,
          chequers_serial_rivers_large_b
Lair:2:   layout_chaotic_city, spider_nest_entry_web_field
Lair:3:   layout_regular_city, nicolae_swamp_entry_splash_gauntlet, basic_altar,
          st_stairs_6, minmay_lair_oklob_items, cheibrodos_lair_lostbears,
          grunt_megastairs_2
Lair:4:   layout_regular_city, slime_entry_1
Lair:5:   hangedman_lair_in_review, layout_regular_city,
          nicolae_volcano_entry_batcave, serial_bayou_pond_d,
          infiniplex_staircase_pool, lemuel_fruit_tree
Swamp:1:  layout_basic_swamp, nicolae_swamp_reclaimed_castle, swamp_pool_3,
          nicolae_swamp_tree_isthmus
Swamp:2:  layout_falls_marsh, ebering_ghost_funeral_grove,
          nicolae_swamp_fairy_circle, infiniplex_staircase_pool_2, uniq_nikola
Swamp:3:  layout_basic_swamp, evilmike_swamp_ruin_house_5,
          nicolae_swamp_bean_lake
Swamp:4:  nzn_swamp_witches_coven, layout_basic_swamp
Spider:1: layout_spider_delve, gammafunk_ghost_grave, nicolae_spider_claw_tunnel
Spider:2: layout_chambers, nicolae_spider_jagged_tunnels, uniq_arachne
Spider:3: nicolae_spider_broodchamber, hangedman_spider_tarantella_strand,
          uniq_mlioglotl
Spider:4: guppyfry_spider_rune
Slime:1:  layout_caves
Slime:2:  layout_caves
Slime:3:  layout_caves, nicolae_slime_welcoming_committee
Slime:4:  layout_caves
Slime:5:  slime_pit_nicolae_amoeboid
Orc:1:    layout_caves, trog_butcher_becter
Orc:2:    grunt_orc_community_town_hall, layout_caves,
          grunt_orc_community_big_house_2, grunt_orc_community_big_house_2,
          grunt_orc_community_house_1, grunt_orc_community_house_2,
          grunt_orc_community_house_3, grunt_orc_community_house_2
Elf:1:    eino_elf_arrival_altar, layout_rooms, nicolae_elf_crossing_hall,
          drop_trap, nicolae_elf_deep_mausoleum
Elf:2:    nicolae_elf_blades_splatter_lattice [grunt_blade_entry_basic],
          layout_geoelf_diagonals, basic_altar, serial_sigils_hangedman_shear,
          minivault_27, uniq_norris
Elf:3:    minmay_elf_hall, layout_geoelf_octagon, serial_shops,
          nicolae_shop_just_a_little_nook, nicolae_shop_tiny_glass, uniq_donald
Vaults:1: v_rooms_2, nicolae_vaults_ninety_degrees, v_misc_3, v_misc_14,
          hangedman_vaults_trim, nicolae_vaults_murder_corner,
          ontoclasm_vaults_ring_small, v_misc_25,
          nicolae_vaults_trapezoid_lopsided_3, layout_vaults_omnigrid,
          serial_shops, shop, nicolae_shop_getting_attention,
          nicolae_shop_bloodbath_and_beyond
Vaults:2: gammafunk_ghost_split, ontoclasm_vaults_gallery, nicolae_vaults_theta,
          vaults_dpeg_spiral, nicolae_vaults_variable_pillar_hall,
          nicolae_vaults_trapezoid_lopsided_3, vaults_dpeg_encased_lava,
          v_misc_9, layout_vaults_big_room, uniq_bai_suzhen
Vaults:3: v_misc_26, minmay_crypt_entry_necro_gods, v_misc_3,
          nicolae_vaults_little_squares_2, st_octagons_2,
          nicolae_vaults_more_shelving_2, nicolae_vaults_closet_pinwheel_6,
          v_misc_16, nicolae_vaults_closet_pinwheel_1,
          vaults_dpeg_emergency_exit, nicolae_vaults_network_barrier, v_misc_23,
          vaults_dpeg_ring, nicolae_vaults_layer_cake_slice, layout_vaults_maze
Vaults:4: nicolae_vaults_bisected_slash, nicolae_vaults_cornered_office,
          hangedman_vaults_stream, grunt_vaults_diagonal,
          dpeg_vaults_monster_row, nicolae_vaults_little_squares_1,
          vaults_dpeg_diagonal, vaults_mumra_chevron,
          ontoclasm_vaults_ring_small, v_misc_4,
          nicolae_vaults_storage_room_glass, nicolae_vaults_hexular_roomagon,
          nicolae_vaults_diamond_1, hangedman_vaults_nails,
          nicolae_vaults_border_crossing, layout_vaults_ring
Crypt:1:  layout_basic, grunt_crypt_arrival_split, uniq_saint_roka
Crypt:2:  layout_basic, lemuel_upstairs_altar, grunt_megastairs_1
Crypt:3:  due_elkab, layout_chaotic_city, tomb_entry_shell_bobbens,
          due_unseen_surprise
Tomb:1
Depths:1: layout_roguey, nicolae_gozag_cash_rules_everything_around_me,
          serial_shops, shop, hell_entry, nzn_life_drinkers
Depths:2: dreamdust_under_siege, layout_gridville, nicolae_ashenzari_skybound,
          hell_entry, serial_shops, shop, special_room [special_room_jelly],
          abyss_entry, rand_demon_pan_entry_9, kennysheep_treasure_room
Depths:3: cheibrodos_leafed_vault, layout_basic, enter_ziggurat_f,
          abyss_entry_crystal, hell_entry, kennysheep_doodads, uniq_enchantress,
          uniq_parghit, uniq_boris
Depths:4: grunt_crosshair, layout_honeycomb, abyss_entry, hell_entry,
          minmay_crystal_water, uniq_mennas
Zot:1:    layout_basic, hangedman_zot_decor_slant, zot_minivault_4
Zot:2:    layout_onion_interference, regret_index_zotdec_storm_pass
Zot:3:    regret_index_all_hallows'_manor, layout_twisted_circle
Zot:4:    layout_onion
Zot:5:    layout_basic

Skill      XL: |  1  2  3  4  5  6  7  8  9 10 11 12 13 14 15 16 17 18 19 20 21 22 23 24 25 26 27 |
---------------+----------------------------------------------------------------------------------+-----
Conjurations   | 5 6 9 10 11 12 16 17 19 20 21 23 | 23.3
Spellcasting   | 3 5 8 10 15 16 19 | 19.0
Fighting       | 1 3 5 6 10 11 13 14 18 20 22 | 22.4
Translocations | 1 4 |  4.0
Staves         | 2 4 6 7 8 |  8.6
Fire Magic     | 2 8 10 12 14 16 18 19 21 | 21.5
Ice Magic      | 4 |  4.0
Air Magic      | 4 5 11 | 11.3
Dodging        | 4 7 |  7.7
Earth Magic    | 10 12 13 15 | 15.3
Armour         | 2 7 9 |  9.0
Shields        | 5 9 13 | 13.9
Stealth        | 4 6 |  6.0
Summonings     | 6 |  6.6
Evocations     | 6 10 | 10.0

Action                     |  1- 3 |  4- 6 |  7- 9 | 10-12 | 13-15 | 16-18 | 19-21 | 22-24 | 25-27 || total
---------------------------+-------+-------+-------+-------+-------+-------+-------+-------+-------++-------
  Melee: Hand axe          |     1 |       |       |       |       |       |       |       |       ||     1
         Staff             |     3 |    21 |    28 |    70 |   224 |    29 |       |     2 |    41 ||   418
         Punch             |       |     2 |       |     4 |    16 |       |       |       |       ||    22
         War axe           |       |       |       |       |    28 |    77 |    30 |     5 |       ||   140
  Throw: Dart              |       |       |     2 |     3 |    15 |       |       |       |       ||    20
   Cast: Magic Dart        |    19 |     2 |     4 |       |       |     1 |       |       |       ||    26
         Searing Ray       |    13 |    40 |    78 |    66 |    28 |       |     1 |       |       ||   226
         Iskenderun's Myst |       |       |     4 |    51 |    56 |     6 |     1 |       |       ||   118
         Fireball          |       |       |       |    72 |   224 |   260 |    21 |       |       ||   577
         Freezing Cloud    |       |       |       |     3 |     3 |     5 |       |       |     1 ||    12
         Orb of Destructio |       |       |       |       |     2 |    12 |       |       |       ||    14
         Starburst         |       |       |       |       |    73 |   100 |     6 |       |       ||   179
         Iskenderun's Batt |       |       |       |       |     1 |     2 |       |       |       ||     3
         Spellforged Servi |       |       |       |       |       |    81 |    86 |    19 |    48 ||   234
         Lehudib's Crystal |       |       |       |       |       |     2 |    26 |    15 |    56 ||    99
         Fire Storm        |       |       |       |       |       |       |    69 |   302 |   424 ||   795
         Maxwell's Capacit |       |       |       |       |       |       |       |       |    89 ||    89
 Invoke: Curse Item        |       |       |       |     5 |     2 |     2 |     2 |     1 |     5 ||    17
         Shatter the Chain |       |       |       |       |       |     1 |     1 |     1 |     4 ||     7
  Evoke: Wand              |       |       |       |       |     3 |     4 |       |     1 |     8 ||    16
    Use: Scroll            |       |       |     8 |     2 |     4 |     5 |     4 |       |    10 ||    33
         Potion            |       |       |       |       |     1 |     1 |     4 |     2 |     4 ||    12
   Stab: Sleeping          |       |       |       |     1 |       |       |       |       |       ||     1
         Distracted        |       |       |       |       |       |       |     1 |       |     1 ||     2
 Armour: Robe              |    16 |    36 |    40 |       |       |       |       |       |       ||    92
         Troll leather arm |       |       |    70 |   136 |   326 |   387 |   187 |    69 |    28 ||  1203
         Acid dragon scale |       |       |       |       |       |       |       |       |   184 ||   184
  Dodge: Dodged            |    11 |    31 |   105 |   305 |   362 |   294 |   191 |    33 |   112 ||  1444
  Block: Buckler           |       |       |       |       |    20 |   121 |   114 |    19 |     2 ||   276
         Kite shield       |       |       |       |       |       |       |       |       |   230 ||   230

Table legend: (Time is in decaauts)
 A = Elapsed time spent in this place.
 B = Non-inter-level travel time spent in this place.
 C = Inter-level travel time spent in this place.
 D = Time resting spent in this place.
 E = Time spent auto-exploring this place.
 F = Levels seen in this place.
 G = Mean time per level.
                   A        B        C        D        E       F      G
               +--------+--------+--------+--------+--------+-----+--------+
         Total | 130562 | 120310 |  10252 |  63560 |  39199 |  59 | 2212.9 |
       Dungeon |  28025 |  24502 |   3523 |   8129 |  13246 |  15 | 1868.3 |
        Temple |     28 |     14 |     14 |      0 |      0 |   1 |   28.0 |
          Lair |  17244 |  16084 |   1160 |   9937 |   4459 |   5 | 3448.8 |
         Swamp |   5979 |   5720 |    259 |   2297 |   2404 |   4 | 1494.8 |
   Spider Nest |  13698 |  13265 |    433 |   8883 |   2739 |   4 | 3424.5 |
    Slime Pits |   5409 |   5020 |    389 |   2610 |   1573 |   5 | 1081.8 |
  Orcish Mines |   4366 |   3859 |    507 |   2258 |   1068 |   2 | 2183.0 |
   Elven Halls |   8659 |   8076 |    583 |   3778 |   2454 |   3 | 2886.3 |
        Vaults |  14435 |  13451 |    984 |   7897 |   3847 |   4 | 3608.8 |
         Crypt |   6819 |   6241 |    578 |   2802 |   2075 |   3 | 2273.0 |
          Tomb |   1549 |   1512 |     37 |    775 |      0 |   1 | 1549.0 |
        Depths |  12196 |  11583 |    613 |   8081 |   2452 |   4 | 3049.0 |
           Zot |   9413 |   8246 |   1167 |   3934 |   2783 |   5 | 1882.6 |
         Sewer |    724 |    724 |      0 |    577 |     84 |   1 |  724.0 |
      Ice Cave |   1718 |   1718 |      0 |   1425 |     15 |   1 | 1718.0 |
       Volcano |    292 |    292 |      0 |    177 |      0 |   1 |  292.0 |
               +--------+--------+--------+--------+--------+-----+--------+

Top non-repeatable levels by time:
  Lair:2: 5439 daAuts
Spider:2: 5101 daAuts
Spider:1: 4323 daAuts
   Elf:1: 4222 daAuts
Vaults:1: 3906 daAuts
Depths:3: 3803 daAuts
Vaults:3: 3686 daAuts
Depths:2: 3645 daAuts
  Lair:5: 3623 daAuts
Vaults:2: 3473 daAuts
  Lair:4: 3406 daAuts
Vaults:4: 3369 daAuts
 Crypt:3: 3254 daAuts
   Zot:3: 2930 daAuts
Depths:4: 2878 daAuts
